 Dungeon Crawl Stone Soup version 0.26-a0-30-g56b8cd3df0 (webtiles) character file.

Game seed: 2619350241975131277, levelgen mode: deterministic

417934 Lauz the Shatterer (level 22, -4/217 HPs)
             Began as a Minotaur Berserker on May 29, 2020.
             Was the Champion of Trog.
             Killed from afar by a shock serpent (glowing shapeshifter) (13 damage)
             ... with a bolt of electricity
             ... on level 4 of the Depths on June 1, 2020.
             The game lasted 03:37:07 (67367 turns).

Lauz the Shatterer (Minotaur Berserker)            Turns: 67367, Time: 03:37:08

Health: -4/217     AC: 29    Str: 48    XL:     22   Next: 59%
Magic:  0/7        EV: 20    Int:  6    God:    Trog [******]
Gold:   5601       SH: 20    Dex: 25    Spells: 21/21 levels left

rFire    + + +     SeeInvis +   Y - +5 demon whip "Spellbinder" {antimagic, MR+}
rCold    . . .     Gourm    .   I - +1 kite shield {reflect}
rNeg     . . .     Faith    .   a - +3 plate armour
rPois    .         Spirit   +   l - +0 hat "Coixumyali" {Dex+7}
rElec    .         Reflect  +   y - +1 cloak {rF+}
rCorr    .         Harm     .   U - +0 pair of gloves {archery}
MR       ++...                  S - +0 pair of boots
Stlth    ..........             D - amulet "Hiti" {Spirit +Inv Str+8 Int-3 SInv}
HPRegen  0.46/turn              x - +6 ring of strength
MPRegen  0.10/turn              b - ring of the Cricket {rF++ Str+4 Int+5 Dex+6}

@: about to teleport, constricted
A: retaliatory headbutt, horns 2
}: 2/15 runes: decaying, gossamer
a: Berserk, Trog's Hand, Brothers in Arms, Renounce Religion, Evoke Invisibility


You were on level 4 of the Depths.
You worshipped Trog.
Trog was exalted by your worship.
You were hungry.

You visited 7 branches of the dungeon, and saw 39 of its levels.
You also visited: Gauntlet, Volcano and Desolation.

You collected 6059 gold pieces.
You spent 458 gold pieces at shops.

Inventory:

Hand Weapons
 f - a +3 great mace of flaming
 O - a +6 vorpal great mace
 P - a +4 antimagic great mace
 T - a +6 eveningstar of flaming
 Y - the +5 demon whip "Spellbinder" (weapon) {antimagic, MR+}
   (You acquired it on level 4 of the Vaults)

   It reduces the magical energy of the wielder, and disrupts the spells and
   magical abilities of those hit.
   Natural abilities and divine invocations are not affected.
   It affects your resistance to hostile enchantments.
Missiles
 v - 21 silver javelins
 W - 5 javelins (quivered)
Armour
 a - a +3 plate armour (worn)
 l - the +0 hat "Coixumyali" (worn) {Dex+7}
   (You acquired it on level 3 of the Vaults)

   It affects your dexterity (+7).
 y - a +1 cloak of fire resistance (worn)
 E - a +1 cloak of preservation
 F - a +0 pair of gloves of dexterity
 I - a +1 kite shield of reflection (worn)
 N - quicksilver dragon scales
 S - a +0 pair of boots (worn)
 U - a +0 pair of gloves of archery (worn)
Jewellery
 b - the ring of the Cricket (right hand) {rF++ Str+4 Int+5 Dex+6}
   (You found it on level 1 of the Depths)

   [ring of dexterity]

   It affects your strength (+4).
   It affects your intelligence (+5).
   It affects your dexterity (+6).
   It greatly protects you from fire.
 n - the ring of Irrepressible Laughter {rElec Dex+4 SInv}
   (You found it in the Desolation of Salt)

   [ring of see invisible]

   It affects your dexterity (+4).
   It insulates you from electricity.
   It lets you see invisible.
 x - a +6 ring of strength (left hand)
 C - an uncursed ring of poison resistance
 D - the amulet "Hiti" (around neck) {Spirit +Inv Str+8 Int-3 SInv}
   (You found it in a Gauntlet)

   [amulet of guardian spirit]

   It causes incoming damage to be split between your health and magic.
   It affects your strength (+8).
   It affects your intelligence (-3).
   It lets you see invisible.
   It lets you turn invisible.
 Q - the ring "Qalaowne" {MR+ rCorr}
   (You found it in the Desolation of Salt)

   [ring of resist corrosion]

   It affects your resistance to hostile enchantments.
   It provides partial protection from all sources of acid and corrosion.
 X - the ring of Ubostrimei {*Corrode rF+ Str+4 Dex+3}
   (You found it on level 1 of the Spider Nest)

   [ring of protection from fire]

   It affects your strength (+4).
   It affects your dexterity (+3).
   It protects you from fire.
   It may corrode you when you take damage.
 Z - the ring of the Yeti {Ice +Fly Dex+3 Stlth+}
   (You found it on level 4 of the Vaults)

   [ring of ice]

   It enhances your ice magic.
   It affects your dexterity (+3).
   It makes you vulnerable to fire.
   It protects you from cold.
   It lets you fly.
   It makes you more stealthy.
Wands
 q - a wand of polymorph (27)
 r - a wand of disintegration (29)
 A - a wand of acid (11)
 J - a wand of iceblast (25)
 V - a wand of digging (24)
Scrolls
 g - 10 scrolls of enchant armour
 h - 6 scrolls of identify
 i - 21 scrolls of remove curse
 k - 5 scrolls of teleportation
 u - 4 scrolls of enchant weapon
 w - a scroll of summoning
 B - a scroll of silence
 G - 8 scrolls of fog
 H - 5 scrolls of fear
 L - a scroll of blinking
 M - a scroll of brand weapon
Potions
 d - a potion of magic
 e - 15 potions of curing
 j - 6 potions of might
 m - 4 potions of stabbing
 o - 3 potions of flight
 p - 3 potions of cancellation
 t - 9 potions of haste
 z - 4 potions of resistance
 K - 2 potions of invisibility
 R - 4 potions of heal wounds
Comestibles
 c - 49 rations


   Skills:
 + Level 22.5 Fighting
 + Level 23.2 Maces & Flails
 + Level 14.5 Throwing
 * Level 21.5 Armour
 - Level 14.3 Dodging
 + Level 16.8 Shields
 - Level 1.2 Evocations


You had 21 spell levels left.
You didn't know any spells.
Your spell library was empty.

Dungeon Overview and Level Annotations

Branches:
Dungeon (15/15)            Temple (0/1) D:7            Lair (6/6) D:8
  Swamp (4/4) Lair:2       Spider (4/4) Lair:3        Slime (0/5) Lair:5
    Orc (2/2) D:10            Elf (0/3) Orc:2        Vaults (4/5) D:14
  Crypt (0/3) Vaults:2     Depths (4/5) D:15        Volcano (visited)
Desolation (visited)      Gauntlet (visited)

Altars:
Dithmenos
Gozag
Kikubaaqudgha
Makhleb
Okawaru
Xom
The Shining One
Beogh
Jiyva

Shops:
D:9 [   D:10 (?   Orc:2 !*[[   Vaults:2 *   Vaults:4 [   Depths:1 [==}([
Depths:2 (   Depths:4 [

Portals:
Hell: Lair:6 Depths:1 Depths:2 Depths:3
Abyss: Depths:1
Pandemonium: Depths:3
Ziggurat: Depths:2

Annotations:
D:5 1 runed translucent door, Crazy Yiuf
D:8 2 runed translucent doors
Lair:5 1 runed translucent door
Depths:1 1 runed translucent door


Innate Abilities, Weirdness & Mutations

You reflexively headbutt those who attack you in melee.
You have a pair of horns on your head.


Message History

The bolt of electricity hits you!
* * * LOW HITPOINT WARNING * * *
Okay, then.
You feel much better. The wolf spider completely misses you.
You block the wolf spider's attack. The shock serpent bites you!
* * * LOW HITPOINT WARNING * * *
The shock serpent shocks you!
* * * LOW HITPOINT WARNING * * *
The tentacled monstrosity tentacle-slaps you.
* * * LOW HITPOINT WARNING * * *
The tentacled monstrosity tentacle-slaps you but does no damage. x2
The tentacled monstrosity constricts you.
The deep elf high priest barely misses you.
You furiously retaliate!
You headbutt the deep elf high priest!
The wolf spider hits you but does no damage.
The wolf spider barely misses you.
You hear a grinding noise.
The shock serpent shoots out a bolt of lightning at you!
The bolt of electricity hits you!
You die...

.# .#
#....#
.#
#....#
(#
.....#
.#
#.e..#
.#
#....#
.#
#EyC.#
.#
#sSX.#
.#
#$@e$#
.#
#$$$$#
.#
#$$$$#
##
#$$$$#
#
#$(([#
#
#[?$[#
##):##
####


You could see a tentacled monstrosity, a frost giant, a spark wasp, a deep elf
elementalist (repels missiles), a wolf spider, a shock serpent, a deep elf high
priest and an earth elemental (summoned).

Vanquished Creatures
  Mara (Vaults:2)
  An ancient lich (Vaults:4)
  the Lernaean hydra (Swamp:4)
  The ghost of Usulitso the Severer, a veteran FoVM of Uskayaw (Vaults:4)
  The ghost of Isedumueph the Tortoise, a veteran HuFi of Hepliaklqana (Vaults:4)
  Saint Roka (Depths:4)
  Nikola (Vaults:1)
  A bone dragon (Vaults:2)
  A lich (Vaults:4)
  A titan (Depths:3)
  The ghost of Juteq the Nimble, an adept GnGl of Makhleb (Vaults:4)
  2 quicksilver dragons
  2 sphinxes
  A sphinx (shapeshifter) (Depths:3)
  3 thorn hunters
  Kirke (Swamp:4)
  2 storm dragons (Depths:3)
  8 tengu reavers
  A daeva (Depths:2)
  6 fire giants
  A ghost moth (shapeshifter) (Depths:3)
  3 iron dragons (Depths:3)
  11 frost giants
  2 deep elf sorcerers (Depths:2)
  7 vault wardens
  2 orc warlords
  An emperor scorpion (Spider:4)
  6 ghost moths
  An imperial myrmidon (Desolation)
  2 angels (Depths:2)
  5 ironheart preservers
  2 spriggan defenders
  10 very ugly things
  14 stone giants
  2 vampire knights
  The ghost of kae the Severer, a journeyman HOFi of Qazlal (Lair:5)
  2 entropy weavers
  A war gargoyle (Vaults:2)
  A deep elf demonologist (Vaults:3)
  3 deep elf annihilators
  2 lorocyprocas (Depths:3)
  A minotaur (Gauntlet)
  10 spark wasps
  3 halazid warlocks (Desolation)
  The ghost of slayr the Spear-Bearer, a journeyman DrAK of Lugonu (Lair:1)
  2 deep elf death magi (Vaults:3)
  2 green deaths (Swamp:4)
  8 ettins
  4 crystal guardians
  8 yaktaur captains
  5 great orbs of eyes
  6 ice dragons
  8 fire dragons
  11 ragged hierophants (Desolation)
  12 ogre magi
  2 juggernaut simulacra (Depths:3)
  A hell beast (Depths:1)
  6 peacekeepers
  2 spriggan air magi
  4 servants of whispers (Desolation)
  A hydra (shapeshifter) (Depths:3)
  5 rakshasas
  12 centaur warriors
  9 vault guards
  11 hydras
  A catoblepas (Depths:3)
  A shambling mangrove (Swamp:4)
  27 two-headed ogres
  3 death knights
  A queen ant (Gauntlet)
  3 dancing weapons
  13 alligators
  6 death yaks (Lair:5)
  9 tengu warriors
  A thrashing horror (Swamp:4)
  5 deep troll shamans
  A hell hog (Volcano)
  2 spriggan berserkers (Depths:4)
  5 deep troll earth magi
  4 deep elf knights
  7 spriggans
  A fire crab (Volcano)
  A sixfirhy (Lair:6)
  A fire crab (shapeshifter) (Vaults:3)
  9 hell knights
  10 skeletal warriors
  A shadow wraith (Vaults:3)
  6 glowing orange brains
  2 spriggan druids (Swamp:3)
  8 deep trolls
  3 flayed ghosts
  7 unseen horrors
  An unseen horror (shapeshifter) (Vaults:1)
  An orange crystal statue (Depths:1)
  13 swamp dragons
  2 wizards
  A necromancer (Depths:4)
  A lindwurm (Lair:6)
  An obsidian statue (Gauntlet)
  3 phantasmal warriors
  5 deep elf archers
  18 ironbrand convokers
  14 orc knights
  34 wolf spiders
  16 orb spiders
  49 ugly things
  10 cyclopes
  A faun (shapeshifter) (Depths:2)
  8 deep elf magi
  7 orc sorcerers
  The ghost of surr the Skirmisher, a novice OgSu of Okawaru (D:5)
  A moth of wrath (shapeshifter) (Depths:3)
  2 moths of wrath
  5 manticores
  2 elephants (Lair:6)
  4 guardian serpents (Desolation)
  2 naga magi (Depths:3)
  4 torpor snails
  A rust devil (Depths:1)
  9 vault sentinels
  A gargoyle (D:12)
  A black mamba (shapeshifter) (Vaults:1)
  5 orange demons
  2 black mambas
  18 spiny frogs
  2 molten gargoyles (Desolation)
  10 demonic crawlers
  8 rime drakes
  7 freezing wraiths
  3 ice devils
  3 red devils
  A hellwing (Lair:6)
  9 komodo dragons
  4 tengu conjurers
  31 yaktaurs
  12 trolls
  A queen bee (Orc:1)
  24 jumping spiders
  2 polar bears (shapeshifter) (Vaults:2)
  4 polar bears (Lair:2)
  15 hornets
  A hornet (shapeshifter) (Depths:2)
  A queen bee (shapeshifter) (Depths:1)
  A wind drake (shapeshifter) (Vaults:1)
  41 slime creatures
  11 tyrant leeches
  11 bog bodies
  A tyrant leech (shapeshifter) (Depths:3)
  A dream sheep (Lair:6)
  A blink frog (shapeshifter) (Depths:2)
  14 blink frogs
  45 saltlings (Desolation)
  13 hippogriffs
  A hippogriff (shapeshifter) (Depths:2)
  51 redbacks
  2 water elementals (Depths:1)
  2 spriggans (shapeshifter)
  42 tarantellas
  4 shadows
  3 wraiths
  A wyvern (Lair:6)
  A human (D:8)
  4 hogs (Swamp:4)
  6 basilisks
  44 yaks
  A hog (shapeshifter) (Depths:2)
  2 large abominations (Swamp:4)
  A steam dragon (Volcano)
  30 vampire mosquitoes
  Eustachio (D:5)
  7 fire bats
  2 hungry ghosts
  2 death yak simulacra (Lair:6)
  Menkaure (D:4)
  19 swamp worms
  Edmund (D:4)
  A warg (shapeshifter) (Depths:3)
  A soldier ant (shapeshifter) (Depths:3)
  11 insubstantial wisps
  4 wargs
  An acid dragon (Vaults:1)
  7 porcupines
  4 soldier ants (Gauntlet)
  6 hell hounds
  67 orc warriors
  7 water moccasins
  8 swamp drakes
  5 ice beasts
  6 black bears
  6 sky beasts
  A black bear (shapeshifter) (Depths:4)
  An ice beast (shapeshifter) (Vaults:1)
  30 ogres
  3 phantoms
  10 boggarts
  30 centaurs
  A wolf (Vaults:4)
  9 crocodiles
  4 big kobolds
  15 bullfrogs
  2 wyvern skeletons
  27 killer bees
  5 scorpions
  5 howler monkeys
  5 electric eels
  16 wights
  3 centaur zombies
  2 quasits (D:9)
  A fire crab simulacrum (Lair:6)
  7 crimson imps
  4 jellies
  An iron imp (Depths:2)
  2 komodo dragon simulacra (Lair:6)
  26 orc priests
  Ijyb (D:5)
  9 hounds
  14 orc wizards
  A gnoll shaman (D:8)
  A bullfrog skeleton (D:12)
  7 centaur skeletons
  5 iguanas
  9 worker ants
  4 hound skeletons
  A worker ant zombie (D:8)
  8 gnolls
  8 adders
  8 shadow imps
  2 ufetubi (Vaults:4)
  2 adder zombies (D:5)
  2 worms (D:2)
  3 dart slugs
  6 leopard geckos
  130 orcs
  6 bats
  A giant cockroach (D:2)
  10 goblins
  11 hobgoblins
  11 jackals
  26 kobolds
  6 quokkas
  5 frilled lizards
  A leopard gecko zombie (D:8)
  9 rats
  2 briar patches (Swamp:3)
1789 creatures vanquished.

Vanquished Creatures (collateral kills)
  A centaur warrior (D:11)
  2 orb spiders (Spider:1)
  A jumping spider (Spider:1)
  4 redbacks (Spider:1)
  A tarantella (Spider:1)
  A centaur (D:11)
10 creatures vanquished.

Vanquished Creatures (others)
  Asterion (Depths:3)
  A fire giant (Depths:2)
  An orb spider (Spider:3)
  A saltling (Desolation)
  2 humans (Swamp:4)
  A swamp drake (Swamp:4)
  An ogre (Depths:2)
  A briar patch (Swamp:3)
  5 fungi
  34 plants
48 creatures vanquished.

Grand Total: 1847 creatures vanquished

Notes
Turn   | Place    | Note
-------+----------+-------------------------------------------
     0 | D:1      | Lauz the Minotaur Berserker began the quest for the Orb.
     0 | D:1      | Reached XP level 1. HP: 19/19 MP: 0/0
   108 | D:1      | Reached skill level 4 in Maces & Flails
   354 | D:1      | Reached XP level 2. HP: 26/27 MP: 1/1
   521 | D:1      | You fall into a shaft and drop 1 floor!
   714 | D:1      | Reached XP level 3. HP: 33/33 MP: 2/2
  1098 | D:2      | Reached skill level 5 in Maces & Flails
  1275 | D:2      | Reached XP level 4. HP: 36/41 MP: 3/3
  1295 | D:2      | Reached ** piety under Trog
  1675 | D:2      | Reached skill level 6 in Maces & Flails
  2123 | D:3      | Reached XP level 5. HP: 40/47 MP: 4/4
  2263 | D:3      | Reached skill level 7 in Maces & Flails
  2266 | D:3      | Reached skill level 5 in Fighting
  2538 | D:3      | Found an opulent altar of Gozag.
  2908 | D:3      | Reached XP level 6. HP: 52/56 MP: 5/5
  3011 | D:4      | Reached *** piety under Trog
  3018 | D:4      | Noticed Menkaure
  3157 | D:4      | Killed Menkaure
  3157 | D:4      | Reached skill level 8 in Maces & Flails
  3668 | D:4      | Reached XP level 7. HP: 34/61 MP: 6/6
  3974 | D:4      | Reached skill level 9 in Maces & Flails
  4598 | D:4      | Noticed Edmund
  4607 | D:4      | Killed Edmund
  4826 | D:5      | Entered Level 5 of the Dungeon
  4934 | D:5      | Noticed Eustachio
  4950 | D:5      | Reached skill level 10 in Maces & Flails
  4953 | D:5      | Killed Eustachio
  4953 | D:5      | Reached XP level 8. HP: 70/70 MP: 7/7
  5013 | D:5      | Noticed Ijyb
  5020 | D:5      | Killed Ijyb
  5070 | D:5      | Found a runed translucent door.
  5071 | D:5      | Noticed Crazy Yiuf
  5445 | D:5      | Found a runed translucent door.
  5445 | D:5      | Noticed surr's ghost (novice OgSu)
  5476 | D:5      | Killed surr's ghost
  5476 | D:5      | Reached skill level 11 in Maces & Flails
  6084 | D:5      | Got a twisted quarterstaff
  6085 | D:5      | Identified the +5 quarterstaff of Wyrd {freeze, *Slow rF+
                  | Int+2} (You found it on level 5 of the Dungeon)
  6282 | D:6      | Reached XP level 9. HP: 79/79 MP: 8/8
  6286 | D:6      | Reached **** piety under Trog
  6319 | D:6      | Reached skill level 5 in Armour
  6725 | D:7      | Found a staircase to the Ecumenical Temple.
  7454 | D:7      | Found a roughly hewn altar of Beogh.
  7826 | D:8      | Reached skill level 5 in Dodging
  7843 | D:8      | Reached skill level 12 in Maces & Flails
  7912 | D:8      | Found a large runed translucent door.
  7913 | D:8      | Found a large runed translucent door.
  8071 | D:8      | Found a large runed translucent door.
  8072 | D:8      | Found a large runed translucent door.
  8222 | D:8      | Killed an unseen horror
  8222 | D:8      | Reached XP level 10. HP: 88/88 MP: 9/9
  8256 | D:8      | Paralysed by a hornet for 3 turns
  8731 | D:8      | Found a shimmering altar of Xom.
  8731 | D:8      | Noticed a two-headed ogre
  8747 | D:8      | Killed a two-headed ogre
  8877 | D:8      | Found a staircase to the Lair.
  8959 | D:8      | Reached ***** piety under Trog
  8968 | D:8      | Reached skill level 10 in Armour
  9572 | D:8      | Found a burning altar of Makhleb.
  9574 | D:8      | Noticed a cacodemon
  9742 | D:8      | Noticed a two-headed ogre
  9748 | D:8      | Killed a two-headed ogre
  9758 | D:8      | Reached skill level 13 in Maces & Flails
 10189 | D:9      | Reached XP level 11. HP: 89/97 MP: 10/10
 10867 | D:9      | Found a shadowy altar of Dithmenos.
 10875 | D:9      | Found Myugunu's Armour Shop.
 11173 | D:10     | Entered Level 10 of the Dungeon
 11409 | D:10     | Noticed a two-headed ogre
 11416 | D:10     | Killed a two-headed ogre
 11798 | D:10     | Found a staircase to the Orcish Mines.
 11915 | D:10     | Found Quehein's Magic Scroll Shop.
 12098 | D:10     | Found an iron altar of Okawaru.
 12124 | D:10     | Received a gift from Trog
 12220 | D:10     | Found Zuveamun's Weapon Emporium.
 12469 | D:11     | Noticed a cyan ugly thing
 12479 | D:11     | Killed a cyan ugly thing
 12495 | D:11     | Noticed a centaur warrior
 12498 | D:11     | Killed a centaur warrior
 12498 | D:11     | Reached skill level 14 in Maces & Flails
 12500 | D:11     | Reached skill level 10 in Fighting
 12504 | D:11     | Noticed a white ugly thing
 12602 | D:11     | Killed a white ugly thing
 13540 | D:12     | Noticed a two-headed ogre
 13540 | D:12     | Noticed a white ugly thing
 13563 | D:13     | Killed a white ugly thing
 13619 | D:13     | Found a roughly hewn altar of Beogh.
 13972 | D:14     | HP: 4/151 [orc warrior/+0 hand axe (11)]
 14490 | D:13     | Reached XP level 12. HP: 98/107 MP: 11/11
 14680 | D:12     | Killed a two-headed ogre
 15573 | D:13     | Reached skill level 15 in Maces & Flails
 16047 | Lair:1   | Entered Level 1 of the Lair of Beasts
 16052 | Lair:1   | Noticed a five-headed hydra
 16060 | Lair:1   | Killed a five-headed hydra
 16152 | Lair:1   | Received a gift from Trog
 16244 | Lair:1   | Found a runed translucent door.
 16244 | Lair:1   | Found a shimmering altar of Xom.
 16244 | Lair:1   | Noticed slayr's ghost (journeyman DrAK)
 16258 | Lair:1   | Killed slayr's ghost
 16261 | Lair:1   | Got a vibrating marble ring
 16263 | Lair:1   | Identified the cursed ring of Insomnia {rC+ Str-4} (You
                  | found it on level 1 of the Lair of Beasts)
 17953 | Lair:2   | Noticed Sonja
 17958 | Lair:2   | Sonja changed into something unseen
 18022 | Lair:2   | Killed Sonja the unseen horror
 18232 | Lair:2   | Reached skill level 16 in Maces & Flails
 18257 | Lair:2   | Found a staircase to the Swamp.
 19107 | Lair:3   | Reached XP level 13. HP: 87/116 MP: 12/12
 19539 | Lair:3   | Reached skill level 15 in Armour
 19716 | Lair:3   | Found a hole to the Spider Nest.
 19822 | Lair:3   | Reached skill level 17 in Maces & Flails
 19869 | Lair:3   | Received a gift from Trog
 21543 | Lair:5   | Found a runed translucent door.
 21544 | Lair:5   | Found a viscous altar of Jiyva.
 21546 | Lair:5   | Found a staircase to the Slime Pits.
 21919 | Lair:5   | Reached skill level 18 in Maces & Flails
 22429 | Lair:6   | Entered Level 6 of the Lair of Beasts
 22440 | Lair:6   | Identified a scroll of acquirement
 22482 | Lair:6   | Found a runed translucent gate.
 22482 | Lair:6   | Found a runed translucent gate.
 22482 | Lair:6   | Found a runed translucent gate.
 22495 | Lair:6   | Noticed kae's ghost (journeyman HOFi)
 22571 | Lair:6   | Found a dark tunnel.
 22580 | Volcano  | Entered a volcano
 22946 | Lair:6   | Reached XP level 14. HP: 85/127 MP: 13/13
 23185 | Lair:6   | Received a gift from Trog
 23234 | Lair:6   | Reached skill level 19 in Maces & Flails
 23313 | Lair:6   | Found a burning altar of Makhleb.
 24903 | Lair:6   | Found a gateway to Hell.
 24911 | Lair:6   | Found the cursed +14 obsidian axe {vorpal, +Fly SInv
                  | *Curse}
 25023 | Lair:5   | Killed kae's ghost
 25609 | Orc:1    | Entered Level 1 of the Orcish Mines
 25962 | Orc:1    | Reached skill level 20 in Maces & Flails
 26297 | Orc:2    | Entered Level 2 of the Orcish Mines
 26299 | Orc:2    | Received a gift from Trog
 27455 | Orc:2    | Noticed an orc warlord
 27467 | Orc:2    | Reached ****** piety under Trog
 27590 | Orc:2    | Killed an orc warlord
 27939 | Orc:2    | Received a gift from Trog
 28330 | Orc:2    | Found Qycakoz's Antique Armour Shoppe.
 28330 | Orc:2    | Found Tighiamn's General Store.
 28332 | Orc:2    | Found Ukabugh's Distillery.
 28334 | Orc:2    | Found Haommuth's Armour Emporium.
 28338 | Orc:2    | Bought a pair of smouldering gloves for 323 gold pieces
 28348 | Orc:2    | Identified the +1 pair of gloves of Undesirable Species
                  | {Str-3 Dex+4 SInv} (You bought it in a shop on level 2 of
                  | the Orcish Mines)
 28515 | Orc:2    | Found a staircase to the Elven Halls.
 29612 | D:13     | Reached XP level 15. HP: 127/138 MP: 14/14
 29796 | D:13     | Identified the +7 dagger "Dragonslayer" {protect, rC+
                  | Str+2}
 30598 | Swamp:1  | Entered Level 1 of the Swamp
 30678 | Swamp:1  | Noticed a thorn hunter
 30697 | Swamp:1  | Killed a thorn hunter
 31176 | Swamp:1  | Received a gift from Trog
 31383 | Swamp:1  | Reached skill level 15 in Fighting
 34006 | Swamp:3  | Noticed a thorn hunter
 34031 | Swamp:3  | Killed a thorn hunter
 34800 | Swamp:4  | Entered Level 4 of the Swamp
 34800 | Swamp:4  | Noticed a thorn hunter
 34805 | Swamp:4  | Killed a thorn hunter
 34805 | Swamp:4  | Reached XP level 16. HP: 119/154 MP: 15/15
 35304 | Swamp:4  | Noticed Kirke
 36413 | Swamp:4  | Killed Kirke
 36593 | Swamp:4  | Paralysed by a hornet for 3 turns
 37084 | Swamp:4  | Received a gift from Trog
 37138 | Swamp:4  | Noticed the 27-headed Lernaean hydra
 37534 | Swamp:4  | Killed the 27-headed Lernaean hydra
 38038 | Swamp:4  | Got a decaying rune of Zot
 38277 | Spider:1 | Entered Level 1 of the Spider Nest
 38849 | Spider:1 | Received a gift from Trog
 39384 | Spider:1 | Got a heavily runed bone ring
 39511 | Spider:2 | Identified the ring of Ubostrimei {*Corrode rF+ Str+4
                  | Dex+3} (You found it on level 1 of the Spider Nest)
 40206 | Spider:2 | Reached XP level 17. HP: 160/168 MP: 16/16
 40283 | Spider:2 | HP: 8/168 [wolf spider (15)]
 40301 | Spider:2 | HP: 8/168 [poisoned by a wolf spider]
 40306 | Spider:2 | HP: 6/168 [poisoned by a wolf spider]
 40311 | Spider:2 | HP: 5/168 [poisoned by a wolf spider]
 40316 | Spider:2 | HP: 5/168 [poisoned by a wolf spider]
 40323 | Spider:2 | HP: 5/168 [poisoned by a wolf spider]
 40331 | Spider:2 | HP: 6/168 [poisoned by a wolf spider]
 40860 | Spider:2 | Reached skill level 10 in Dodging
 41049 | Spider:2 | Reached skill level 1 in Evocations
 41329 | Spider:2 | Received a gift from Trog
 42848 | Spider:4 | Entered Level 4 of the Spider Nest
 44741 | Spider:4 | Got a gossamer rune of Zot
 45931 | D:14     | Received a gift from Trog
 46117 | D:14     | Found a gate to the Vaults.
 47178 | D:14     | Reached skill level 1 in Throwing
 47185 | D:14     | Reached XP level 18. HP: 178/178 MP: 17/17
 47343 | D:15     | Entered Level 15 of the Dungeon
 47626 | D:15     | Found a gate leading to a gauntlet.
 47635 | Gauntlet | Entered a Gauntlet
 47635 | Gauntlet | Found a transporter.
 47635 | Gauntlet | Found a large runed translucent door.
 47635 | Gauntlet | Found a large runed translucent door.
 47635 | Gauntlet | Found a large runed translucent door.
 47635 | Gauntlet | Found a large runed translucent door.
 47635 | Gauntlet | Found a runed translucent door.
 47635 | Gauntlet | Found a runed translucent door.
 47635 | Gauntlet | Found a large runed translucent door.
 47635 | Gauntlet | Found a large runed translucent door.
 47635 | Gauntlet | Found a large runed translucent door.
 47635 | Gauntlet | Found a large runed translucent door.
 47635 | Gauntlet | Found a large runed translucent door.
 47635 | Gauntlet | Found a large runed translucent door.
 47636 | Gauntlet | Found a large runed translucent door.
 47636 | Gauntlet | Found a large runed translucent door.
 47637 | Gauntlet | Found a large runed translucent door.
 47637 | Gauntlet | Found a large runed translucent door.
 47637 | Gauntlet | Found a large runed translucent door.
 47637 | Gauntlet | Found a large runed translucent door.
 47642 | Gauntlet | Found a runed translucent gate.
 47642 | Gauntlet | Found a runed translucent gate.
 47642 | Gauntlet | Found a runed translucent gate.
 47644 | Gauntlet | Found a transporter.
 47646 | Gauntlet | Found a transporter.
 47648 | Gauntlet | Found a transporter.
 47707 | Gauntlet | Found a transporter.
 47721 | Gauntlet | Found a transporter.
 47726 | Gauntlet | Found a transporter.
 47741 | Gauntlet | Found a transporter.
 47760 | Gauntlet | Found a transporter.
 47772 | Gauntlet | Found a transporter.
 47784 | Gauntlet | Found a transporter.
 47796 | Gauntlet | Found a transporter.
 47808 | Gauntlet | Found a transporter.
 47827 | Gauntlet | Found a transporter.
 47842 | Gauntlet | Found a transporter.
 47844 | Gauntlet | Found a transporter.
 47873 | Gauntlet | Found a transporter.
 47875 | Gauntlet | Found a transporter.
 48058 | Gauntlet | Got an ancient garnet amulet
 48059 | Gauntlet | Identified the amulet "Hiti" {Spirit +Inv Str+8 Int-3 SInv}
                  | (You found it in a Gauntlet)
 48194 | Gauntlet | Identified the +5 rapier of Defiance {drain, rF+ rC+ Str-3}
 48216 | Gauntlet | Got an ancient whip
 48217 | Gauntlet | Identified the +4 whip "Embalmer" {freeze, Int+4} (You
                  | found it in a Gauntlet)
 48243 | Gauntlet | Identified the +2 chain mail of Fotank {*Corrode rN+++ MR-
                  | Str+3} (You found it in a Gauntlet)
 48277 | D:15     | Reached skill level 1 in Shields
 48560 | D:15     | Found a staircase to the Depths.
 48800 | Vaults:1 | Entered Level 1 of the Vaults
 49166 | Vaults:1 | Reached skill level 5 in Throwing
 49175 | Vaults:1 | Received a gift from Trog
 50069 | Vaults:1 | Noticed Nikola
 50084 | Vaults:1 | Killed Nikola
 50084 | Vaults:1 | Reached skill level 5 in Shields
 50808 | Vaults:2 | Noticed a bone dragon
 50809 | Vaults:2 | Found a staircase to the Crypt.
 50816 | Vaults:2 | Killed a bone dragon
 51320 | Vaults:2 | Received a gift from Trog
 51605 | Vaults:2 | Reached skill level 10 in Throwing
 52257 | Vaults:2 | Noticed Mara
 52274 | Vaults:2 | Noticed Lauz's illusion
 52852 | Vaults:2 | Noticed Lauz's illusion
 52860 | Vaults:2 | Killed Mara
 52860 | Vaults:2 | Reached XP level 19. HP: 56/185 MP: 6/18
 53297 | Vaults:2 | Found Vageg's General Store.
 53612 | Vaults:3 | Received a gift from Trog
 53810 | Vaults:3 | Paralysed by a sphinx for 4 turns
 54127 | Vaults:3 | Found a ruined gateway.
 54135 | Desolati | Entered the Desolation of Salt
 54559 | Desolati | Identified the ring of Cowardice {+Blink rPois} (You found
                  | it in the Desolation of Salt)
 54566 | Desolati | Identified the Almanac of Freezing Envenoming
 54568 | Desolati | Identified Iffiop's Grimoire of Creation and Feathers
 54580 | Desolati | Identified the Handbook of Venomous Cold
 54611 | Desolati | Received a gift from Trog
 55581 | Desolati | Got a crude jade ring
 55583 | Desolati | Identified the ring of Irrepressible Laughter {rElec Dex+4
                  | SInv} (You found it in the Desolation of Salt)
 55713 | Desolati | Reached skill level 10 in Shields
 55959 | Desolati | Identified the ring "Qalaowne" {MR+ rCorr} (You found it in
                  | the Desolation of Salt)
 56246 | Desolati | Received a gift from Trog
 57558 | Vaults:3 | Reached XP level 20. HP: 194/194 MP: 19/19
 57588 | Vaults:3 | Reached skill level 21 in Maces & Flails
 57710 | Vaults:3 | Got the +0 hat "Coixumyali" {Dex+7}
 58416 | Vaults:4 | Received a gift from Trog
 58788 | Vaults:4 | Noticed an ancient lich
 58790 | Vaults:4 | HP: 5/195 [frost giant/bolt of cold (32)]
 59214 | Vaults:4 | Killed an ancient lich
 59728 | Vaults:4 | Found a runed translucent gate.
 59728 | Vaults:4 | Found a runed translucent gate.
 59728 | Vaults:4 | Found a runed translucent gate.
 59729 | Vaults:4 | Found an ancient bone altar of Kikubaaqudgha.
 59729 | Vaults:4 | Noticed Isedumueph's ghost (veteran HuFi)
 59729 | Vaults:4 | Noticed Juteq's ghost (adept GnGl)
 59729 | Vaults:4 | Noticed Usulitso's ghost (veteran FoVM)
 60208 | Vaults:4 | Found Ciebuz's Antique Armour Boutique.
 60338 | Vaults:4 | Killed Usulitso's ghost
 60348 | Vaults:4 | Killed Isedumueph's ghost
 60361 | Vaults:4 | Killed Juteq's ghost
 60370 | Vaults:4 | Found the +5 demon whip "Spellbinder" {antimagic, MR+}
 60370 | Vaults:4 | Got the +5 demon whip "Spellbinder" {antimagic, MR+}
 60372 | Vaults:4 | Identified the ring of the Yeti {Ice +Fly Dex+3 Stlth+}
                  | (You found it on level 4 of the Vaults)
 60398 | Vaults:4 | Identified the cursed +0 cloak of Riuth {rF+} (You found it
                  | on level 4 of the Vaults)
 60660 | Depths:1 | Entered Level 1 of the Depths
 60729 | Depths:1 | Received a gift from Trog
 61036 | Depths:1 | Identified the ring of the Cricket {rF++ Str+4 Int+5 Dex+6}
                  | (You found it on level 1 of the Depths)
 61069 | Depths:1 | Found Koateuw's Armour Boutique.
 61266 | Depths:1 | Found Fuzalueq's Weapon Boutique.
 61341 | Depths:1 | Reached XP level 21. HP: 204/204 MP: 20/20
 61414 | Depths:1 | Found a one-way gate to the infinite horrors of the Abyss.
 61659 | Depths:1 | Found Ifeceysy's Jewellery Shoppe.
 61660 | Depths:1 | Found Omi Ixkenka's Gadget Shop.
 61661 | Depths:1 | Found Soihanoweac's Jewellery Shoppe.
 61825 | Depths:1 | Found a runed translucent door.
 61832 | Depths:1 | Found Budd's Armour Shoppe.
 61862 | Depths:1 | Bought a +1 kite shield of reflection for 135 gold pieces
 61898 | Depths:1 | Found a glowing golden altar of the Shining One.
 61908 | Depths:1 | Reached skill level 22 in Maces & Flails
 62583 | Depths:2 | Found a gateway to a ziggurat.
 63388 | Depths:2 | Received a gift from Trog
 63390 | Depths:2 | Reached skill level 15 in Shields
 63609 | Depths:2 | Found Kifijacill's Antique Weapon Shop.
 65649 | Depths:3 | Received a gift from Trog
 65655 | Depths:3 | Reached XP level 22. HP: 215/215 MP: 3/21
 66131 | Depths:3 | Found a one-way gate leading to the halls of Pandemonium.
 66234 | Depths:3 | Reached skill level 23 in Maces & Flails
 66380 | Depths:3 | Noticed Asterion
 66392 | Depths:3 | Killed Asterion
 66737 | Depths:4 | Noticed Saint Roka
 66745 | Depths:4 | Killed Saint Roka
 66766 | Depths:4 | Received a gift from Trog
 67136 | Depths:4 | Found Uxycea's Antique Armour Shop.
 67367 | Depths:4 | HP: 9/217 [tentacled monstrosity (5)]
 67367 | Depths:4 | Killed from afar by a shock serpent (glowing shapeshifter)

Illustrated notes

Levels and vault maps discovered:
D:1:      tarquinn_simple_flora_water_a, layout_basic
D:2:      layout_loops_ring
D:3:      layout_basic, grunt_gozag_breadcrumbs
D:4:      layout_loops_corners, uniq_menkaure, uniq_edmund
D:5:      layout_loops_ring, gammafunk_ghost_grave, first_ration,
          minmay_misc_feat_alley, uniq_eustachio, uniq_crazy_yiuf_cottage,
          uniq_ijyb
D:6:      layout_rooms
D:7:      layout_basic, minmay_temple_entry_slanted, david_defended_altar_orc
D:8:      layout_basic, makhleb_altar_promises_db, basic_altar, grunt_pizzeria,
          grunt_decor_resistance, minmay_hollow_rounded_squares
D:9:      layout_cave_pods, basic_altar, serial_shops, shop
D:10:     layout_loops_cross, hiddenorc1_lemuel, serial_shops, shop_fountains,
          nicolae_shop_window_shopping, okawaru_metal_pillars_1_2
D:11:     layout_basic
D:12:     layout_loops_corners, minmay_joined_circles
D:13:     layout_small_grid, special_room [special_room_orc],
          minmay_pinched_square
D:14:     layout_grid_maze, lightli_vaults_fourway_checkpoint
D:15:     hangedman_depths_entry_civil_slaughter, layout_cave_pools,
          gauntlet_entry_generic, minivault_11, hangedman_decor_lopped
Lair:1:   layout_regular_city, ebering_ghost_xom, st_stairs_4,
          small_statue_intersection, chequers_serial_rivers_marsh,
          serial_bayou_lake_a
Lair:2:   beast_lair_carwin_large_2, layout_gridlike,
          nicolae_swamp_entry_splash_gauntlet, uniq_sonja
Lair:3:   layout_big_grid, spider_nest_entry_webs, guppyfry_lair_drakes
Lair:4:   layout_long_grid
Lair:5:   layout_long_grid, slime_altar_2, serial_rivers,
          chequers_serial_rivers_room_a, chequers_serial_rivers_small_a,
          chequers_serial_rivers_micro_b, chequers_serial_rivers_micro_d,
          chequers_serial_rivers_large_b
Lair:6:   evil_forest, layout_cave_pods, nicolae_volcano_entry_batcave,
          gammafunk_ghost_icy, serial_bayou_shore_b
Swamp:1:  layout_basic_swamp, evilmike_swamp_ruin_house_1, swamp_pool1
Swamp:2:  layout_basic_swamp, evilmike_swamp_ruin_house_3
Swamp:3:  layout_basic_swamp, serial_swamp_ruin, evilmike_swamp_ruin_house_2,
          evilmike_swamp_ruin_rubble_2, evilmike_swamp_ruin_house_5, swamp_pool5
Swamp:4:  swamp_vile, layout_basic_swamp, uniq_kirke
Spider:1: layout_spider_delve
Spider:2: layout_spider_delve
Spider:3: layout_spider_delve, nicolae_orb_island
Spider:4: spider_rune_water
Orc:1:    layout_caves, special_room [special_room_bee]
Orc:2:    st_orc_rangers, layout_diamond_mine, minmay_orc_keep
Vaults:1: kb_rosetta, vaults_dpeg_hooks, nicolae_vaults_disjoint_gnomons,
          vaults_room_grunt_arrival_ludios, v_misc_1,
          nicolae_vaults_little_squares_5, v_pattern_4,
          ontoclasm_vaults_decontamination, layout_vaults_omnicross, uniq_nikola
Vaults:2: nicolae_vaults_theta, v_misc_15, minmay_crypt_entry_nasty_monster,
          vaults_room_grunt_arrival_checkpoint, vaults_room_pool,
          vaults_room_stairs_pillars, nicolae_vaults_murderbox,
          layout_vaults_omnigrid, serial_shops, shop, uniq_mara
Vaults:3: nicolae_vaults_inception_corners, v_rooms_3,
          nicolae_vaults_three_branches, v_misc_33, grunt_vaults_swirl,
          ontoclasm_vaults_spin, vaults_dpeg_diagonal, nicolae_vaults_rhombus_5,
          layout_vaults_omnibox, portal_desolation_entry_twin_temple
Vaults:4: gammafunk_vaults_ghost_crypt, grunt_vaults_bifocal, serial_ice_h,
          vaults_mumra_chevron, v_misc_31, st_quartered_hall, v_alt_pattern_2,
          v_misc_25, v_pattern_5, v_misc_14, nicolae_vaults_back_hallway,
          vaults_room_mumra_shop_pool, ontoclasm_vaults_twist,
          ontoclasm_vaults_hangar, nicolae_vaults_diagonal_hallway_7,
          layout_vaults_maze_snakey
Depths:1: layout_gridlike, tso_metal_star, abyss_entry_crystal,
          grunt_mini_vestibule, serial_shops, shop, shop, shop,
          serial_sigils_hangedman_etch, minmay_liquid_box,
          minmay_misc_feat_doors, minivault_16, minmay_acid_items,
          minmay_shop_grove, serial_bayou_shore_b
Depths:2: minmay_the_grid_3x2 [minmay_the_grid_odd_star,
          minmay_the_grid_tri_star, minmay_the_grid_minigrid_large,
          minmay_the_grid_tree, minmay_the_grid_plusring,
          minmay_the_grid_prize_four_corners_diamond_b], layout_gridville,
          enter_ziggurat_d, serial_shops,
          nicolae_shop_temple_entry_statues_fountains, grunt_hell_entry_dis_old,
          corexii_corridor_pit
Depths:3: hangedman_crystal_crosses_colossus [crystal_crosses_arms_four,
          crystal_crosses_arms_two, crystal_crosses_arms_one,
          crystal_crosses_arms_one], hell_entry, pan_entry, uniq_asterion
Depths:4: minmay_nested_s, layout_cave_shapes, hellmouth_1,
          minmay_stone_trees_large, serial_shops, bzr_entry_dummy, shop, shop,
          nicolae_shop_waterfront, shop, abyss_entry, dispersion_dpeg,
          infiniplex_staircase_star, uniq_saint_roka, uniq_margery

Skill      XL: |  1  2  3  4  5  6  7  8  9 10 11 12 13 14 15 16 17 18 19 20 21 22 |
---------------+-------------------------------------------------------------------+-----
Maces & Flails | 4 5 6 7 8 10 11 12 13 14 16 18 20 21 22 23 | 23.2
Fighting       | 4 5 6 7 8 9 10 11 12 14 16 19 20 21 22 | 22.5
Armour         | 3 4 8 11 13 14 15 16 17 19 20 21 | 21.5
Dodging        | 4 5 6 7 8 9 11 13 14 | 14.3
Evocations     | 1 |  1.2
Throwing       | 1 11 14 | 14.5
Shields        | 7 10 13 15 16 | 16.8

Action                   |  1- 3 |  4- 6 |  7- 9 | 10-12 | 13-15 | 16-18 | 19-21 | 22-24 || total
-------------------------+-------+-------+-------+-------+-------+-------+-------+-------++-------
Melee: Mace              |    59 |   109 |    20 |       |       |       |       |       ||   188
       Headbutt          |     9 |    15 |    54 |   135 |   244 |   314 |   440 |    94 ||  1305
       Flail             |       |       |   239 |    31 |       |       |       |       ||   270
       Dire flail        |       |       |       |   494 |       |       |       |       ||   494
       Great mace        |       |       |       |   114 |  1120 |  1161 |   331 |       ||  2726
       Eveningstar       |       |       |       |       |    15 |       |   663 |       ||   678
       Demon whip        |       |       |       |       |       |       |   223 |   244 ||   467
Throw: Javelin           |       |       |       |       |       |    28 |    16 |    24 ||    68
Invok: Berserk           |       |     4 |     4 |     6 |     6 |     3 |     5 |       ||    28
       Trog's Hand       |       |       |       |     1 |     2 |     4 |     2 |       ||     9
       Brothers in Arms  |       |       |       |     1 |       |     2 |       |       ||     3
Evoke: Wand              |       |       |       |     7 |       |    14 |     2 |       ||    23
  Use: Scroll            |       |       |     9 |    11 |     9 |    21 |    14 |     5 ||    69
       Potion            |       |       |       |       |       |     8 |     1 |     1 ||    10
 Stab: Confused          |       |       |       |       |     2 |       |       |       ||     2
       Distracted        |       |       |       |       |     1 |       |     1 |     1 ||     3
  Eat: Chunk             |     1 |    10 |    15 |    29 |    47 |    42 |    29 |     6 ||   179
       Ration            |       |       |     1 |     4 |     3 |     6 |     5 |       ||    19
Armor: Animal skin       |     4 |    12 |     3 |       |       |       |       |       ||    19
       Chain mail        |       |       |    89 |    94 |    95 |       |       |       ||   278
       Skin              |       |       |     1 |       |       |       |       |       ||     1
       Plate armour      |       |       |       |   217 |   697 |   988 |   340 |    64 ||  2306
Dodge: Dodged            |    36 |    65 |    99 |   270 |   723 |   866 |   581 |   155 ||  2795
Block: Kite shield       |       |       |       |       |       |       |   451 |   173 ||   624
       Reflection        |       |       |       |       |       |       |     9 |     9 ||    18

Table legend:
 A = Non-vault XP
 B = Vault XP
 C = Vault XP percentage of total XP
 D = Non-vault monster count
 E = Vault monster count
 F = Vault count percentage of total count
                 A         B        C        D         E       F
            +---------+---------+-------+---------+---------+-------
      Total |  378511 |  408826 |  51.9 |    1130 |     671 |  37.3
            +---------+---------+-------+---------+---------+-------
        D:1 |      47 |       0 |   0.0 |      25 |       0 |   0.0
        D:2 |     126 |       0 |   0.0 |      19 |       0 |   0.0
        D:3 |     218 |       0 |   0.0 |      36 |       0 |   0.0
        D:4 |     384 |     338 |  46.8 |      20 |       2 |   9.1
        D:5 |     612 |     747 |  55.0 |      16 |       3 |  15.8
        D:6 |     689 |       0 |   0.0 |      16 |       0 |   0.0
        D:7 |     322 |     123 |  27.6 |      12 |       3 |  20.0
        D:8 |    3163 |    2975 |  48.5 |      44 |      16 |  26.7
        D:9 |    2561 |       0 |   0.0 |      33 |       0 |   0.0
       D:10 |    2230 |     181 |   7.5 |      22 |      17 |  43.6
       D:11 |    4127 |       0 |   0.0 |      28 |       0 |   0.0
       D:12 |    3708 |    2609 |  41.3 |      17 |      13 |  43.3
       D:13 |    9839 |    5404 |  35.5 |      46 |      33 |  41.8
       D:14 |   10601 |    7932 |  42.8 |      29 |      19 |  39.6
       D:15 |    8276 |    4812 |  36.8 |      21 |       6 |  22.2
     Lair:1 |    2739 |    2137 |  43.8 |      11 |       3 |  21.4
     Lair:2 |    1307 |    3148 |  70.7 |       5 |      13 |  72.2
     Lair:3 |    8937 |    1295 |  12.7 |      32 |       5 |  13.5
     Lair:4 |    4812 |       0 |   0.0 |      18 |       0 |   0.0
     Lair:5 |    7053 |    1382 |  16.4 |      12 |       1 |   7.7
     Lair:6 |    7790 |   11358 |  59.3 |      31 |      36 |  53.7
    Swamp:1 |   21821 |       0 |   0.0 |      66 |       0 |   0.0
    Swamp:2 |    6565 |       0 |   0.0 |      17 |       0 |   0.0
    Swamp:3 |   20053 |     404 |   2.0 |      44 |       3 |   6.4
    Swamp:4 |   11547 |   25600 |  68.9 |      27 |      33 |  55.0
   Spider:1 |   14838 |       0 |   0.0 |      55 |       0 |   0.0
   Spider:2 |   18492 |       0 |   0.0 |      54 |       0 |   0.0
   Spider:3 |   13514 |     987 |   6.8 |      35 |       2 |   5.4
   Spider:4 |    7546 |   21118 |  73.7 |      15 |      40 |  72.7
      Orc:1 |    1286 |    1936 |  60.1 |      21 |      27 |  56.2
      Orc:2 |    5470 |    5371 |  49.5 |      29 |      45 |  60.8
   Vaults:1 |   12349 |   18600 |  60.1 |      21 |      31 |  59.6
   Vaults:2 |   26109 |   20053 |  43.4 |      52 |      11 |  17.5
   Vaults:3 |   33597 |   24674 |  42.3 |      59 |      37 |  38.5
   Vaults:4 |   22460 |   52156 |  69.9 |      39 |      41 |  51.2
   Depths:1 |   41114 |    6717 |  14.0 |      55 |      10 |  15.4
   Depths:2 |   33185 |   26553 |  44.4 |      35 |      22 |  38.6
   Depths:3 |    1491 |   75707 |  98.1 |       1 |      57 |  98.3
   Depths:4 |    7533 |   32179 |  81.0 |      12 |      40 |  76.9
    Volcano |       0 |    2780 | 100.0 |       0 |       9 | 100.0
 Desolation |       0 |   45658 | 100.0 |       0 |      83 | 100.0
   Gauntlet |       0 |    3892 | 100.0 |       0 |      10 | 100.0
            +---------+---------+-------+---------+---------+-------
